 Dungeon Crawl Stone Soup version 0.29-a0-878-g7b45a56 (webtiles) character file.

Game seed: 5761921773176409476

1276 Blightor the Magician (level 8, 56/56 HPs)
             Began as a Djinni Hedge Wizard on Dec 2, 2021.
             Quit the game on level 6 of the Dungeon on July 23, 2022.
             The game lasted 00:44:15 (10515 turns).

Blightor the Magician (Djinni Hedge Wizard)        Turns: 10515, Time: 00:44:15

Health: 56/56      AC:  3    Str: 11    XL:     8   Next: 84%
Gold:   411        EV: 13    Int: 16    God:
                   SH:  0    Dex: 13

rFire   + . .      SeeInvis .   o - +2 short sword (flame)
rCold   . . .      Faith    .   (no shield)
rNeg    . . .      Spirit   .   b - +0 robe
rPois   ∞          Reflect  .   c - +0 hat
rElec   .          Harm     .   n - +0 cloak
rCorr   .          Rampage  .   (no gloves)
Will    .....                   (boots unavailable)
Stlth   ++........              (no amulet)
HPRegen 0.18/turn               v - ring of ice
MPRegen 0.00/turn               (no ring)

@: flying
A: sickness immunity, fire resistance 2, cold vulnerability 1, float, innate
caster, HP casting, extra vitality 1
a: no special abilities


You were on level 6 of the Dungeon.
You visited 1 branch of the dungeon, and saw 7 of its levels.

You collected 411 gold pieces.

Inventory:

Hand Weapons
 a - a +0 dagger
 g - a +2 antimagic short sword
 o - a +2 short sword of flaming (weapon)
 u - a +0 shortbow of flaming
Missiles
 k - 47 arrows
 l - 6 javelins
Armour
 b - a +0 robe (worn)
 c - a +0 hat (worn)
 n - a +0 cloak (worn)
Jewellery
 v - a ring of ice (left hand)
Wands
 d - a wand of flame (13)
 y - a wand of paralysis (9)
 A - a wand of charming (2)
 B - a wand of iceblast (11)
Scrolls
 e - 5 scrolls of teleportation {unknown}
 f - a scroll of identify
 h - 3 scrolls of fear
 i - a scroll of acquirement {unknown}
 j - a scroll of holy word
 m - 2 scrolls of fog {unknown}
 q - a scroll of immolation {unknown}
 C - a scroll of blinking {unknown}
Potions
 p - 2 potions of might {unknown}
 r - a potion of ambrosia {unknown}
 s - a potion of magic {unknown}
 t - a potion of cancellation {unknown}
 w - a potion of flight {unknown}
 x - a potion of brilliance
 z - a potion of resistance {unknown}


   Skills:
 + Level 3.3 Fighting
 + Level 4.4 Short Blades
 + Level 1.0 Ranged Weapons
 + Level 4.5 Dodging
 + Level 3.3 Stealth
 + Level 5.0 Spellcasting


You couldn't memorise any spells.
You knew the following spells:

 Your Spells              Type           Power      Damage    Failure   Level
a - Magic Dart            Conj           80%        1d7       1%          1
b - Blink                 Tloc           40%        N/A       3%          2
c - Call Imp              Summ           20%        N/A       3%          2
d - Slow                  Hex            80%        N/A       1%          1
e - Conjure Flame         Conj/Fire      20%        6-21      6%          3
f - Mephitic Cloud        Conj/Pois/Air  20%        N/A       6%          3
g - Beastly Appendage     Tmut           40%        N/A       1%          1
h - Ensorcelled Hibernat  Hex/Ice        60%        N/A       3%          2
i - Ozocubu's Armour      Ice            30%        N/A       6%          3
Your spell library was empty.

Dungeon Overview and Level Annotations

Branches:
Dungeon (7/15)
 Temple: D:4-7

Altars:
Gozag
Okawaru
Yredelemnul

Shops:
D:2 (

Annotations:
D:4 NeededCrab's ghost, novice OgHu


Innate Abilities, Weirdness & Mutations

You are immune to sickness and miasma.
You are immune to poison.
Your flesh is very heat resistant. (rF++)
You are vulnerable to cold. (rC-)
You float through the air rather than walking.
You learn spells naturally, not from books.
Your magical power is your life essence.
You have superior vitality. (+4 MHP)


Message History

Press: ? - help, Q - select action, (/) - cycle Shift-Dir - straight line, f/p - shadow imp
Aim: a shadow imp (almost dead, 100% to hit)
The magic dart hits the shadow imp.
You kill the shadow imp!
The ogre shouts!
The killer bee zombie hits you.
The water moccasin hisses angrily.
You hit the killer bee zombie. You burn the killer bee zombie.
The killer bee zombie is moderately damaged.
The killer bee zombie hits you!
A scorpion comes into view.
The killer bee zombie closely misses you.
You hit the killer bee zombie. You burn the killer bee zombie.
The killer bee zombie is moderately damaged.
The killer bee zombie hits you.
You barely miss the killer bee zombie.
The killer bee zombie is moderately damaged.
The killer bee zombie closely misses you.
The killer bee zombie closely misses you.
The killer bee zombie hits you. The water moccasin bites you!
You fly upwards.
There is a stone staircase leading down here.
There is a stone staircase leading up here.
HP restored.
Done exploring.
Unknown command.
Unknown command.
Saving game... please wait.
Welcome back, Blightor the Djinni Hedge Wizard.
Press ? for a list of commands and other information.
Done exploring.
As you read the scroll of holy word, it crumbles to dust.
This item has been removed, sorry!
Press: ? - help, v - describe, . - travel A stone staircase leading up.
There is a stone staircase leading up here.
Okay, then.
Cast which spell? (? or * to list)
You don't know that spell.
Are you sure you want to abandon this character and quit the game? (Confirm with "yes".)

#.#####.###..#####.######
#.#####.# #..#####.#
#.......# #........#
######### #.######## #.#
#.# #.# ########## #.#
#........# #@# #.######.#
##.## #.# ####.###...##
#.# #...........#########
#.# #.##.#.#..>###......#
#.# #.##.#.##.####.####.#
#.###.##...........# #.#
#.......>#.##.###### #.#
##....#######'## #.#


There were no monsters in sight!

Vanquished Creatures
  A sky beast (D:4)
  2 ogres (D:5)
  Blork the orc (D:6)
  3 scorpions
  3 water moccasin skeletons
  A howler monkey (D:6)
  2 bullfrog zombies (D:6)
  2 hounds (D:6)
  A bullfrog skeleton (D:5)
  2 jellies
  4 iguanas
  An orc wizard (D:2)
  A killer bee zombie (D:6)
  2 hound zombies (D:5)
  3 hound skeletons
  3 adders
  A shadow imp (D:7)
  An ufetubus (D:4)
  An adder skeleton (D:4)
  2 worms (D:2)
  A dart slug (D:1)
  7 orcs
  3 bats
  10 endoplasms
  5 giant cockroaches
  9 goblins
  6 hobgoblins
  5 jackals
  5 quokkas
  4 ball pythons
  4 frilled lizards
  8 kobolds
  10 rats
114 creatures vanquished.

Vanquished Creatures (collateral kills)
  Ijyb (D:3)
  An orc (D:2)
2 creatures vanquished.

Grand Total: 116 creatures vanquished

Notes
Turn   | Place    | Note
-------+----------+-------------------------------------------
     0 | D:1      | Blightor the Djinni Hedge Wizard began the quest for the
                  | Orb.
     0 | D:1      | Reached XP level 1. HP: 15/15 MP: 0/0
    61 | D:1      | Found a faded altar of an unknown god.
   383 | D:1      | Reached XP level 2. HP: 8/21 MP: 0/0
  1408 | D:1      | Reached skill level 3 in Spellcasting
  1794 | D:2      | Reached XP level 3. HP: 25/25 MP: 0/0
  1794 | D:2      | Learned a level 1 spell: Beastly Appendage
  1818 | D:2      | HP: 1/25 [adder (3)]
  2746 | D:2      | Reached XP level 4. HP: 31/31 MP: 0/0
  2941 | D:2      | Reached skill level 1 in Short Blades
  3345 | D:2      | Found Xail's Antique Weapon Shop.
  3555 | D:2      | Reached XP level 5. HP: 30/36 MP: 0/0
  3555 | D:2      | Learned a level 2 spell: Ensorcelled Hibernation
  4123 | D:3      | Reached skill level 1 in Fighting
  4510 | D:3      | Noticed Ijyb
  4549 | D:3      | Killed Ijyb
  5176 | D:4      | Found a runed translucent gate.
  5176 | D:4      | Found a runed translucent gate.
  5176 | D:4      | Found a runed translucent gate.
  5176 | D:4      | Found an opulent altar of Gozag.
  5177 | D:4      | Noticed NeededCrab's ghost (novice OgHu)
  5590 | D:4      | Reached XP level 6. HP: 38/42 MP: 0/0
  5919 | D:4      | HP: 2/42 [water moccasin skeleton (5)]
  6220 | D:3      | Upgraded the game from 0.28-a0-983-g1de4e07 to
                  | 0.28-a0-1190-g77e1c55
  6782 | D:4      | Found an iron altar of Okawaru.
  6787 | D:4      | Reached XP level 7. HP: 42/49 MP: 0/0
  6787 | D:4      | Learned a level 3 spell: Ozocubu's Armour
  6908 | D:4      | Found a basalt altar of Yredelemnul.
  6933 | D:4      | Reached skill level 4 in Spellcasting
  7445 | D:5      | Entered Level 5 of the Dungeon
  7867 | D:5      | HP: 1/49 [ogre (22)]
  7919 | D:5      | Reached XP level 8. HP: 4/55 MP: 0/0
  9467 | D:6      | Reached skill level 1 in Ranged Weapons
  9914 | D:6      | Reached skill level 5 in Spellcasting
 10113 | D:6      | Noticed Blork the orc
 10127 | D:6      | Killed Blork the orc
 10511 | D:6      | Upgraded the game from 0.28-a0-1190-g77e1c55 to
                  | 0.29-a0-878-g7b45a56
 10515 | D:6      | Quit the game

Illustrated notes

Levels and vault maps discovered:
D:1:      psy_arrival_statuary, layout_basic, shapermc_ecumenical_altar_ellora
D:2:      layout_loops_ring, serial_shops, nicolae_shop_stone,
          minmay_hedge_maze, nrook_loot_triangle,
          hangedman_decor_diamond_cutter, st_stairs_4, minmay_misc_feat_hallway,
          chequers_serial_rivers_micro_a
D:3:      cheibrodos_helix_gallery, layout_basic, uniq_ijyb
D:4:      layout_rooms, lemuel_doored_altar, mainiacjoe_overflow_catwalk,
          okawaru_trees_2, ebering_ghost_gozag, patterned_corridor
D:5:      layout_gridville
D:6:      layout_loops_corners, st_stairs_8, uniq_blork_the_orc
D:7:      kennysheep_windowed_halls, layout_rooms, mainiacjoe_overflow_alcove_4,
          minmay_temple_entry_glass, serial_rivers,
          chequers_serial_rivers_marsh, chequers_serial_rivers_micro_a,
          chequers_serial_rivers_small_a, chequers_serial_rivers_small_a,
          chequers_serial_rivers_small_a, nicolae_ossuary_entry_plus,
          gammafunk_ghost_wrathful_warriors

Skill      XL: |  1  2  3  4  5  6  7  8 |
---------------+-------------------------+-----
Spellcasting   | 3 4 5 |  5.0
Short Blades   | 1 2 3 4 |  4.4
Stealth        | 2 3 |  3.3
Fighting       | 1 2 3 |  3.3
Dodging        | 3 4 |  4.5
Ranged Weapons | 1 |  1.0

Action                   |  1- 3 |  4- 6 |  7- 9 || total
-------------------------+-------+-------+-------++-------
Melee: Dagger            |    36 |       |       ||    36
       Short sword       |    71 |   194 |   147 ||   412
       Headbutt          |     1 |       |       ||     1
 Fire: Shortbow          |       |       |     6 ||     6
 Cast: Magic Dart        |    42 |    67 |    55 ||   164
       Blink             |     1 |     5 |       ||     6
       Conjure Flame     |     1 |     1 |       ||     2
       Beastly Appendage |     1 |     1 |       ||     2
       Call Imp          |       |     5 |     3 ||     8
       Slow              |       |     3 |       ||     3
       Ozocubu's Armour  |       |       |     2 ||     2
       Ensorcelled Hiber |       |       |     1 ||     1
  Use: Potion            |     3 |     2 |       ||     5
       Scroll            |     3 |       |       ||     3
 Stab: Sleeping          |     2 |     2 |     2 ||     6
       Distracted        |       |       |     1 ||     1
Armor: Robe              |    13 |    35 |    14 ||    62
Dodge: Dodged            |    77 |   146 |    77 ||   300

Table legend: (Time is in decaauts)
 A = Elapsed time spent in this place.
 B = Non-inter-level travel time spent in this place.
 C = Inter-level travel time spent in this place.
 D = Time resting spent in this place.
 E = Time spent auto-exploring this place.
 F = Levels seen in this place.
 G = Mean time per level.
                   A        B        C        D        E       F      G
               +--------+--------+--------+--------+--------+-----+--------+
         Total |  10517 |  10204 |    313 |    256 |   8033 |   7 | 1502.4 |
       Dungeon |  10517 |  10204 |    313 |    256 |   8033 |   7 | 1502.4 |
               +--------+--------+--------+--------+--------+-----+--------+

Top non-repeatable levels by time:
     D:2: 2357 daAuts
     D:4: 2036 daAuts
     D:1: 1777 daAuts
     D:6: 1533 daAuts
     D:5: 1465 daAuts
     D:3: 1340 daAuts
     D:7: 7 daAuts
